PL
RICHARDSON CITY THUNDERCATS @ ATHLETIC CLUB KC
09/03/2024
 
TOP OF THE 1ST
Richardson City Thundercats batting - Pitching for Athletic Club KC : LHP Bill Oulton
Pitching: LHP Bill Oulton
Batting: RHB Juan Orozco 0-0: Ground out 1-3 (Groundball, 15S)
Batting: RHB Joey Jones 0-0: Called Strike
0-1: Ball
1-1: Foul Ball, location: 2F
1-2: Ball
2-2: Foul Ball, location: 2F
2-2: Ground out 6-3 (Groundball, 6)
Batting: RHB Chriss Mann 0-0: Ball
1-0: Ball
2-0: Ball
3-0: Base on Balls
Batting: SHB Seishiro Nishimura 0-0: Ball
1-0: Ball
2-0: Fly out, F9 (Flyball, 89D)
Top of the 1st over - 0 run(s), 0 hit(s), 0 error(s), 1 left on base; Richardson City 0 - Athletic Club KC 0
BOTTOM OF THE 1ST
Athletic Club KC batting - Pitching for Richardson City Thundercats : RHP Cordell Wilson
Pitching: RHP Cordell Wilson
Batting: RHB Jorge Trevino 0-0: Ball
1-0: Foul Ball, location: 2F
1-1: Ball
2-1: Called Strike
2-2: Ball
3-2: Foul Ball, location: 2F
3-2: Ground out 1-3 (Groundball, 13S)
Batting: SHB David Henderson 0-0: Called Strike
0-1: SOLO HOME RUN (Flyball, 9D), Distance : 380 ft
Batting: RHB David Edwards 0-0: Ball
1-0: Ball
2-0: Ball
3-0: Called Strike
3-1: Called Strike
3-2: Base on Balls
Batting: RHB John Downing 0-0: Foul Ball, location: 2F
0-1: Ball
1-1: Ball
2-1: Swinging Strike
2-2: Ball
3-2: Foul Ball, location: 2F
3-2: SINGLE (Groundball, 13) (infield hit)
David Edwards to second
Batting: RHB Ramón Souza 0-0: Fly out, F7 (Flyball, 78XD)
Runner from 2nd tags up, SAFE at 3rd, no throw
Batting: LHB Kelly Brown 0-0: Called Strike
0-1: Swinging Strike
0-2: Ground out 4-3 (Groundball, 4)
Bottom of the 1st over - 1 run(s), 2 hit(s), 0 error(s), 2 left on base; Richardson City 0 - Athletic Club KC 1
TOP OF THE 2ND
Richardson City Thundercats batting - Pitching for Athletic Club KC : LHP Bill Oulton
Batting: RHB Nate Cates 0-0: Ball
1-0: Ball
2-0: Ball
3-0: Foul Ball, location: 2F
3-1: Base on Balls
Batting: RHB José Cruz 0-0: Ball
1-0: Ball
2-0: Ball
3-0: Base on Balls
Nate Cates to second
Batting: LHB Eduardo Álvarez 0-0: Foul Ball, location: 2F
0-1: Ball
1-1: Ball
2-1: Foul Ball, location: 2F
2-2: Foul Ball, location: 2F
2-2: Grounds into double play, 4-6-3 (Groundball, 4)
Nate Cates to third
Batting: RHB Sancho Balderas 0-0: Ball
1-0: Ball
2-0: Foul Ball, location: 2F
2-1: Foul Ball, location: 2F
2-2: Ball
3-2: Fly out, F9 (Flyball, 9M)
Top of the 2nd over - 0 run(s), 0 hit(s), 0 error(s), 1 left on base; Richardson City 0 - Athletic Club KC 1
BOTTOM OF THE 2ND
Athletic Club KC batting - Pitching for Richardson City Thundercats : RHP Cordell Wilson
Batting: SHB Pedro Vázquez 0-0: Called Strike
0-1: Fly out, F2 (Popup, 2RF)
Batting: LHB Thatcher Douglas 0-0: Ground out U3 (Groundball, 3L)
Batting: RHB Michael Walker 0-0: Called Strike
0-1: Ball
1-1: Ball
2-1: SOLO HOME RUN (Flyball, 8LXD), Distance : 436 ft
Batting: RHB Jorge Trevino 0-0: Ball
1-0: Called Strike
1-1: Ground out 6-3 (Groundball, 6)
Bottom of the 2nd over - 1 run(s), 1 hit(s), 0 error(s), 0 left on base; Richardson City 0 - Athletic Club KC 2
TOP OF THE 3RD
Richardson City Thundercats batting - Pitching for Athletic Club KC : LHP Bill Oulton
Batting: RHB Juan Cabrera 0-0: Called Strike
0-1: Ground out 1-3 (Groundball, 15)
Batting: RHB Juan Orozco 0-0: Ball
1-0: Swinging Strike
1-1: Ball
2-1: Foul Ball, location: 2F
2-2: Foul Ball, location: 2F
2-2: Foul Ball, location: 2F
2-2: Ball
3-2: Strikes out looking
Batting: RHB Joey Jones 0-0: Called Strike
0-1: Ball
1-1: Ball
2-1: Foul Ball, location: 2F
2-2: Foul Ball, location: 2F
2-2: Foul Ball, location: 2F
2-2: Ball
3-2: DOUBLE (Line Drive, 78M)
Batting: RHB Chriss Mann 0-0: Ground out 4-3 (Groundball, 4M)
Top of the 3rd over - 0 run(s), 1 hit(s), 0 error(s), 1 left on base; Richardson City 0 - Athletic Club KC 2
BOTTOM OF THE 3RD
Athletic Club KC batting - Pitching for Richardson City Thundercats : RHP Cordell Wilson
Batting: SHB David Henderson 0-0: Ball
1-0: Ground out 6-3 (Groundball, 6)
Batting: RHB David Edwards 0-0: Swinging Strike
0-1: Ball
1-1: Ground out 4-3 (Groundball, 13)
Batting: RHB John Downing 0-0: Swinging Strike
0-1: Ball
1-1: Ball
2-1: Ball
3-1: Fly out, F6 (Line Drive, 56D)
Bottom of the 3rd over - 0 run(s), 0 hit(s), 0 error(s), 0 left on base; Richardson City 0 - Athletic Club KC 2
TOP OF THE 4TH
Richardson City Thundercats batting - Pitching for Athletic Club KC : LHP Bill Oulton
Batting: SHB Seishiro Nishimura 0-0: Fly out, F4 (Popup, 4D)
Batting: RHB Nate Cates 0-0: Ball
1-0: Ball
2-0: Foul Ball, location: 2F
2-1: SINGLE (Groundball, 56D)
Batting: RHB José Cruz 0-0: Called Strike
0-1: Ball
1-1: Called Strike
1-2: Fly out, F9 (Flyball, 89M)
Batting: LHB Eduardo Álvarez 0-0: Ground out 4-3 (Groundball, 4)
Top of the 4th over - 0 run(s), 1 hit(s), 0 error(s), 1 left on base; Richardson City 0 - Athletic Club KC 2
BOTTOM OF THE 4TH
Athletic Club KC batting - Pitching for Richardson City Thundercats : RHP Cordell Wilson
Batting: RHB Ramón Souza 0-0: Ball
1-0: Ball
2-0: Ball
3-0: Called Strike
3-1: SINGLE (Groundball, 56D)
Batting: LHB Kelly Brown 0-0: Ground out U3 (Groundball, 3L)
Ramón Souza to second
Batting: SHB Pedro Vázquez 0-0: Ball
1-0: Ground out 1-3 (Groundball, 15S)
Batting: LHB Thatcher Douglas 0-0: Called Strike
0-1: Ball
1-1: Ball
Wild Pitch!
Ramón Souza to third
2-1: Ground out 1-3 (Groundball, 13)
Bottom of the 4th over - 0 run(s), 1 hit(s), 0 error(s), 1 left on base; Richardson City 0 - Athletic Club KC 2
TOP OF THE 5TH
Richardson City Thundercats batting - Pitching for Athletic Club KC : LHP Bill Oulton
Batting: RHB Sancho Balderas 0-0: SOLO HOME RUN (Flyball, 78XD), Distance : 428 ft
Batting: RHB Juan Cabrera 0-0: Ball
1-0: Ball
2-0: SINGLE (Groundball, 5L) (infield hit)
Batting: RHB Juan Orozco 0-0: Bunted foul
0-1: Ball
1-1: Sac Bunt - play at first, batter OUT! 1-4
Juan Cabrera to second
Batting: RHB Joey Jones 0-0: Ball
1-0: Called Strike
1-1: Foul Ball, location: 2F
1-2: Ball
2-2: Foul Ball, location: 2F
2-2: Strikes out swinging
Batting: RHB Chriss Mann 0-0: Called Strike
0-1: Foul Ball, location: 2F
0-2: Foul Ball, location: 2F
0-2: Ball
1-2: Foul Ball, location: 2F
1-2: Foul Ball, location: 2F
1-2: Ball
2-2: Ball
3-2: Strikes out looking
Top of the 5th over - 1 run(s), 2 hit(s), 0 error(s), 1 left on base; Richardson City 1 - Athletic Club KC 2
BOTTOM OF THE 5TH
Athletic Club KC batting - Pitching for Richardson City Thundercats : RHP Cordell Wilson
Batting: RHB Michael Walker 0-0: Called Strike
0-1: Ball
1-1: Foul Ball, location: 2F
1-2: Ball
2-2: Ball
3-2: DOUBLE (Groundball, 5L)
Batting: RHB Jorge Trevino 0-0: SINGLE (Groundball, 6MD)
Michael Walker to third
Batting: SHB David Henderson 0-0: Foul Ball, location: 2F
0-1: Ball
1-1: Foul Ball, location: 2F
1-2: Ball
Wild Pitch!
Michael Walker scores
Jorge Trevino to second
2-2: Ball
3-2: Foul Ball, location: 2F
3-2: Ground out 4-3 (Groundball, 4)
Jorge Trevino to third
Batting: RHB David Edwards 0-0: Called Strike
0-1: Foul Ball, location: 2F
0-2: 2-RUN HOME RUN (Flyball, 7D), Distance : 400 ft
Pitching: RHP John Hicks
Batting: RHB John Downing 0-0: Foul Ball, location: 2F
0-1: Called Strike
0-2: Strikes out looking
Batting: RHB Ramón Souza 0-0: Called Strike
0-1: Ball
1-1: Foul Ball, location: 2F
1-2: Strikes out looking
Bottom of the 5th over - 3 run(s), 3 hit(s), 0 error(s), 0 left on base; Richardson City 1 - Athletic Club KC 5
TOP OF THE 6TH
Richardson City Thundercats batting - Pitching for Athletic Club KC : LHP Bill Oulton
Batting: SHB Seishiro Nishimura 0-0: Ground out 6-3 (Groundball, 6)
Batting: RHB Nate Cates 0-0: Ball
1-0: Ball
2-0: Ball
3-0: Base on Balls
Batting: RHB José Cruz 0-0: Fly out, F7 (Flyball, 7D)
Batting: LHB Eduardo Álvarez 0-0: Called Strike
0-1: Ground out U3 (Groundball, 3L)
Top of the 6th over - 0 run(s), 0 hit(s), 0 error(s), 1 left on base; Richardson City 1 - Athletic Club KC 5
BOTTOM OF THE 6TH
Athletic Club KC batting - Pitching for Richardson City Thundercats : RHP John Hicks
Batting: LHB Kelly Brown 0-0: Called Strike
0-1: SINGLE (Line Drive, 56D)
Batting: SHB Pedro Vázquez 0-0: Bunted foul
0-1: Bunted foul
0-2: Foul Ball, location: 2F
0-2: Foul Ball, location: 2F
0-2: Fly out, F7 (Flyball, 7M)
Batting: LHB Thatcher Douglas 0-0: Swinging Strike
0-1: Called Strike
0-2: DOUBLE (Line Drive, 8RXD)
Kelly Brown to third
Batting: RHB Michael Walker 0-0: Ball
1-0: Called Strike
1-1: Foul Ball, location: 2F
1-2: Strikes out swinging
Pitching: RHP Juan Cruz
Batting: RHB Jorge Trevino 0-0: Swinging Strike
0-1: Ball
1-1: Ball
2-1: Fly out, F7 (Flyball, 78XD)
Bottom of the 6th over - 0 run(s), 2 hit(s), 0 error(s), 2 left on base; Richardson City 1 - Athletic Club KC 5
TOP OF THE 7TH
Richardson City Thundercats batting - Pitching for Athletic Club KC : LHP Bill Oulton
Batting: RHB Sancho Balderas 0-0: Foul Ball, location: 2F
0-1: Ball
1-1: Ball
2-1: Called Strike
2-2: Ball
3-2: Foul Ball, location: 2F
3-2: Ground out 1-3 (Groundball, 13S)
Batting: RHB Juan Cabrera 0-0: Ball
1-0: Ball
2-0: Called Strike
2-1: Foul Ball, location: 2F
2-2: Ball
3-2: Base on Balls
Batting: RHB Juan Orozco 0-0: Called Strike
0-1: Ball
1-1: Ball
2-1: Swinging Strike
2-2: Strikes out swinging
Pitching: LHP Emílio Raias
Batting: RHB Joey Jones 0-0: Ball
1-0: Ball
2-0: Fly out, F8 (Flyball, 8LD)
Top of the 7th over - 0 run(s), 0 hit(s), 0 error(s), 1 left on base; Richardson City 1 - Athletic Club KC 5
BOTTOM OF THE 7TH
Athletic Club KC batting - Pitching for Richardson City Thundercats : RHP Juan Cruz
Batting: SHB David Henderson 0-0: Called Strike
0-1: Ball
1-1: SINGLE (Line Drive, 9LM)
Batting: RHB David Edwards 0-0: Called Strike
0-1: Ball
1-1: Swinging Strike
1-2: Ball
2-2: Ball
3-2: 2-RUN HOME RUN (Flyball, 7D), Distance : 397 ft
Pitching: RHP Mark Sinclair
Batting: RHB John Downing 0-0: Called Strike
0-1: Ball
1-1: Foul Ball, location: 2F
1-2: Ball
2-2: Foul Ball, location: 2F
2-2: Ground out 6-3 (Groundball, 6)
Batting: RHB Ramón Souza 0-0: Ball
1-0: Ball
2-0: Swinging Strike
2-1: Ball
3-1: Called Strike
3-2: SINGLE (Groundball, 56D)
Batting: LHB Kelly Brown 0-0: Called Strike
0-1: Foul Ball, location: 2F
0-2: Ball
1-2: Ball
2-2: Fly out, F7 (Flyball, 78S)
Batting: SHB Pedro Vázquez 0-0: Ball
1-0: Ground out 4-3 (Groundball, 4)
Bottom of the 7th over - 2 run(s), 3 hit(s), 0 error(s), 1 left on base; Richardson City 1 - Athletic Club KC 7
TOP OF THE 8TH
Richardson City Thundercats batting - Pitching for Athletic Club KC : LHP Emílio Raias
Batting: RHB Chriss Mann 0-0: Ball
1-0: Ball
2-0: Ball
3-0: Called Strike
3-1: Base on Balls
Batting: SHB Seishiro Nishimura 0-0: Hit by Pitch
Chriss Mann to second
Batting: RHB Nate Cates 0-0: 3-RUN HOME RUN (Flyball, 78XD), Distance : 437 ft
Pitching: RHP Ole Kos
Batting: RHB José Cruz 0-0: Ball
1-0: Swinging Strike
1-1: Ball
2-1: Swinging Strike
2-2: Ball
3-2: Strikes out swinging
Batting: LHB Eduardo Álvarez 0-0: Ball
1-0: Ball
2-0: Ball
3-0: Called Strike
3-1: Base on Balls
Batting: RHB Sancho Balderas 0-0: Swinging Strike
0-1: Ball
1-1: Swinging Strike
1-2: Ball
2-2: Grounds into double play, 6-4-3 (Groundball, 6)
Top of the 8th over - 3 run(s), 1 hit(s), 0 error(s), 0 left on base; Richardson City 4 - Athletic Club KC 7
BOTTOM OF THE 8TH
Athletic Club KC batting - Pitching for Richardson City Thundercats : RHP Mark Sinclair
Batting: LHB Thatcher Douglas 0-0: Ball
1-0: SOLO HOME RUN (Flyball, 9D), Distance : 383 ft
Batting: RHB Michael Walker 0-0: Called Strike
0-1: Fly out, F8 (Flyball, 8RXD)
Batting: RHB Jorge Trevino 0-0: Ball
1-0: Fly out, F8 (Popup, 8RS)
Batting: SHB David Henderson 0-0: Foul Ball, location: 2F
0-1: Called Strike
0-2: Ball
1-2: Ball
2-2: Foul Ball, location: 2F
2-2: Ball
3-2: Foul Ball, location: 2F
3-2: Foul Ball, location: 2F
3-2: Foul Ball, location: 2F
3-2: SINGLE (Groundball, 4M)
Batting: RHB David Edwards 0-0: Foul Ball, location: 2F
0-1: Ball
1-1: Ball
2-1: Called Strike
2-2: Strikes out swinging
Bottom of the 8th over - 1 run(s), 2 hit(s), 0 error(s), 1 left on base; Richardson City 4 - Athletic Club KC 8
TOP OF THE 9TH
Richardson City Thundercats batting - Pitching for Athletic Club KC : RHP Ole Kos
Batting: RHB Juan Cabrera 0-0: Called Strike
0-1: DOUBLE (Line Drive, 8LM)
Batting: RHB Juan Orozco 0-0: Ground out U3 (Groundball, 3S)
Juan Cabrera to third
Batting: RHB Joey Jones 0-0: Ball
1-0: Ball
2-0: Called Strike
2-1: Foul Ball, location: 2F
2-2: Foul Ball, location: 2F
2-2: Foul Ball, location: 2F
2-2: Ground out 5-3 (Groundball, 56)
Juan Cabrera scores
Pitching: RHP Gene Kirkland
Batting: RHB Chriss Mann 0-0: Ball
1-0: Foul Ball, location: 2F
1-1: Called Strike
1-2: Ground out 4-3 (Groundball, 4)
Top of the 9th over - 1 run(s), 1 hit(s), 0 error(s), 0 left on base; Richardson City 5 - Athletic Club KC 8
This league is powered by Out of the Park Baseball, the baseball management simulation game for PC, Mac and Linux
Monday, October 3rd, 2016 - OOTP Baseball 16.9 Build 39